 Dungeon Crawl Stone Soup version 0.20.1-1-g8b1a95d (webtiles) character file.

539 McKennaii the Conjurer (level 7, -7/37 HPs)
             Began as a Deep Elf Conjurer on July 31, 2017.
             Mangled by an orc
             ... wielding a +0 flail
              (10 damage)
             ... on level 4 of the Dungeon on Aug 1, 2017.
             The game lasted 00:11:10 (4351 turns).

McKennaii the Conjurer (Deep Elf Conjurer)          Turns: 4351, Time: 00:11:11

Health: -7/37      AC:  3    Str:  5    XL:     7   Next: 5%
Magic:  0/19       EV: 14    Int: 22    God:
Gold:   177        SH:  0    Dex: 15    Spells: 14/19 levels left

rFire    . . .     SeeInvis .   (no weapon)
rCold    . . .     Gourm    .   (no shield)
rNeg     . . .     Faith    .   a - +0 robe
rPois    .         Spirit   .   i - +0 helmet
rElec    .         Reflect  .   (no cloak)
rCorr    .         Harm     .   (no gloves)
MR       .....                  (no boots)
Stlth    ++........             (no amulet)
Regen    0.2/turn               (no ring)
MPRegen  0.2/turn               (no ring)

@: no status effects
A: no striking features
a: no special abilities


You were on level 4 of the Dungeon.
You were not hungry.

You visited 1 branch of the dungeon, and saw 4 of its levels.

You collected 177 gold pieces.

Inventory:

Armour
 a - a +0 robe (worn)
 i - a +0 helmet (worn)
Jewellery
 r - a cursed ring of teleportation {unknown}
Scrolls
 d - 2 scrolls of remove curse {unknown}
 e - 2 scrolls of recharging {unknown}
 f - 6 scrolls of identify {unknown}
 h - 2 scrolls of blinking {unknown}
 k - a scroll of noise {unknown}
 o - 2 scrolls of teleportation {unknown}
 p - 2 scrolls of enchant weapon {unknown}
 q - 3 scrolls of enchant armour {unknown}
 s - a scroll of magic mapping {unknown}
 u - a scroll of amnesia {unknown}
Potions
 l - 2 potions of degeneration {unknown}
 m - 5 potions of curing {unknown}
 n - 2 potions of haste {unknown}
Books
 b - a book of Conjurations

   Spells                             Type                      Level
   a - Magic Dart                     Conjuration                  1
   b - Searing Ray                    Conjuration                  2
   c - Dazzling Spray                 Conjuration/Hexes            3
   d - Fulminant Prism                Conjuration/Hexes            4
   e - Force Lance                    Conjuration/Translocation    4
   f - Iskenderun's Mystic Blast      Conjuration                  4
Comestibles
 c - 2 bread rations
 g - 2 meat rations
 j - 4 fruits
 t - a royal jelly


   Skills:
 + Level 0.4 Fighting
 + Level 3.7 Dodging
 + Level 3.6 Stealth
 + Level 6.7 Spellcasting
 + Level 6.8 Conjurations


You had 14 spell levels left.
You knew the following spells:

 Your Spells              Type           Power        Failure   Level  Hunger
a - Magic Dart            Conj           ####         1%          1    None
b - Iskenderun's Mystic   Conj           #####...     4%          4    ###....


Dungeon Overview and Level Annotations

Branches:
Dungeon (4/15)
 Temple: D:4-7

Altars:
Fedhas
The Shining One


Message History

The orc is severely wounded.
The orc hits you with a flail!
* * * LOW HITPOINT WARNING * * *
Casting: Magic Dart
Confirm with . or Enter, or press ? or * to list all spells.
Aiming: Magic Dart
Press: ? - help, Shift-Dir - straight line, f/p - orc
Aim: an orc, wielding a flail and wearing a leather armour (heavily wounded)
The magic dart hits the orc.
The orc is heavily wounded.
The orc barely misses you.
Casting: Magic Dart
Confirm with . or Enter, or press ? or * to list all spells.
Aiming: Magic Dart
Press: ? - help, Shift-Dir - straight line, f/p - orc
Aim: an orc, wielding a flail and wearing a leather armour (heavily wounded)
The magic dart hits the orc.
The orc is heavily wounded.
The orc hits you with a flail!
You die...

.........####.##.###
.........# #.##.#
........#####.##.#
#.............##.#
###..........###.#
##.....###.# #.#
#.....# #.# #.#
####.....###.# #o#
..........##.# #@#
#####.#....#.###.#
###.###.........###
#....#..รท.#.......#
#..##..#.###......#
#..###.#..#.#.#####
##..###.#...........
.......(#...##.#####
##..#####...# .#


You could see an orc.

Vanquished Creatures
  An ogre (D:4)
  A crocodile (D:3)
  An iguana (D:4)
  2 worker ants (D:4)
  An orc wizard (D:4)
  Robin (D:2)
  3 gnolls (D:2)
  11 adders
  2 oozes
  An adder skeleton (D:4)
  3 worms
  2 dart slugs
  4 leopard geckos
  4 orcs
  6 bats
  15 giant cockroaches
  11 goblins
  5 hobgoblins
  11 jackals
  5 quokkas
  A ball python (D:1)
  5 frilled lizards
  10 kobolds
  7 rats
  A toadstool (D:1)
114 creatures vanquished.

Vanquished Creatures (others)
  3 toadstools (D:1)
3 creatures vanquished.

Grand Total: 117 creatures vanquished

Notes
Turn   | Place    | Note
-------+----------+-------------------------------------------
     0 | D:1      | McKennaii the Deep Elf Conjurer began the quest for the Orb.
     0 | D:1      | Reached XP level 1. HP: 10/10 MP: 6/6
   147 | D:1      | Reached XP level 2. HP: 15/15 MP: 5/8
   585 | D:1      | Reached skill level 5 in Conjurations
  1038 | D:2      | Reached XP level 3. HP: 19/19 MP: 6/9
  1816 | D:2      | Reached XP level 4. HP: 24/24 MP: 7/11
  1817 | D:2      | Noticed Robin
  1824 | D:2      | Killed Robin
  2448 | D:3      | Reached XP level 5. HP: 28/28 MP: 6/13
  2807 | D:3      | Found a blossoming altar of Fedhas.
  3124 | D:3      | Reached skill level 5 in Spellcasting
  3175 | D:3      | Learned a level 4 spell: Iskenderun's Mystic Blast
  3496 | D:3      | Noticed a crocodile
  3499 | D:3      | Killed a crocodile
  3499 | D:3      | Reached XP level 6. HP: 32/32 MP: 2/16
  3735 | D:4      | Found a glowing golden altar of the Shining One.
  4315 | D:4      | Reached XP level 7. HP: 37/37 MP: 4/19
  4351 | D:4      | Mangled by an orc

Skill      XL: |  1  2  3  4  5  6 |
---------------+-------------------+-----
Conjurations   | 5 6 |  6.8
Spellcasting   | 4 5 6 |  6.7
Dodging        | 3 |  3.7
Stealth        | 3 |  3.6
Fighting       | |  0.4

Action                   |  1- 3 |  4- 6 |  7- 9 || total
-------------------------+-------+-------+-------++-------
Melee: Unarmed           |    43 |     2 |    14 ||    59
 Cast: Magic Dart        |    95 |   159 |    11 ||   265
       Iskenderun's Myst |       |    13 |       ||    13
  Eat: Chunk             |     2 |    10 |       ||    12
Armor: Robe              |    14 |     7 |     1 ||    22
Dodge: Dodged            |    33 |    17 |    10 ||    60
